 Dungeon Crawl Stone Soup version 0.26.1-10-gdfb7c7de75 (webtiles) character file.

Game seed: 399501003646433067

268 IHuginn the Ducker (level 6, -1/43 HPs)
             Began as an Octopode Berserker on Apr 9, 2021.
             Was a Believer of Trog.
             Killed by nerve-wracking pain
             ... invoked by Grinder
              (6 damage)
             ... on level 3 of the Dungeon.
             The game lasted 00:03:33 (2861 turns).

IHuginn the Ducker (Octopode Berserker)             Turns: 2861, Time: 00:03:33

Health: -1/43      AC:  3    Str: 19    XL:     6   Next: 21%
Magic:  6/6        EV: 14    Int:  9    God:    Trog [**....]
Gold:   171        SH:  0    Dex: 11    Spells: 5/5 levels left

rFire    . . .     SeeInvis +   k - +4 short sword
rCold    . . .     Faith    .   (no shield)
rNeg     . . .     Spirit   .   f - +2 hat {SInv}
rPois    .         Reflect  .   (no amulet)
rElec    .         Harm     .   (no ring)
rCorr    .         Rampage  .   (no ring)
Will     .....                  (no ring)
Stlth    +++.......             (no ring)
HPRegen  0.14/turn              (no ring)
MPRegen  0.10/turn              (no ring)
                                (no ring)
                                (no ring)

@: berserk cooldown, slowed, very slow
A: almost no armour, stealthy swim, amphibious, 8 rings, constrict 8, camouflage
1, gelatinous body 1
a: Renounce Religion, Berserk, Trog's Hand


You were on level 3 of the Dungeon.
You worshipped Trog.
Trog was pleased with you.
You visited 1 branch of the dungeon, and saw 4 of its levels.
You also visited: Sewer.

You collected 171 gold pieces.

Inventory:

Hand Weapons
 a - a +0 hand axe
 k - a +4 short sword (weapon)
Armour
 f - a +2 hat of see invisible (worn)
Jewellery
 h - an uncursed ring of protection from fire {unknown}
Wands
 p - a wand of random effects (20)
Scrolls
 b - a scroll of fog {unknown}
 c - 2 scrolls of enchant armour {unknown}
 d - 2 scrolls of identify {unknown}
 l - a scroll of random uselessness {unknown}
 m - a scroll of blinking {unknown}
 o - a scroll of magic mapping {unknown}
Potions
 e - a potion of heal wounds {unknown}
 g - a potion of mutation {unknown}
 i - 2 potions of invisibility {unknown}
 j - a potion of curing {unknown}
 n - a potion of resistance {unknown}


   Skills:
 + Level 4.2 Fighting
 + Level 1.7 Short Blades
 - Level 3.6 Axes
 + Level 4.2 Dodging
 + Level 4.0 Stealth


You had 5 spell levels left.
You didn't know any spells.
Your spell library was empty.

Dungeon Overview and Level Annotations

Branches:
Dungeon (4/15)              Sewer (visited)
 Temple: D:4-7

Altars:

Annotations:
D:3 Grinder


Innate Abilities, Weirdness & Mutations

You cannot wear most types of armour.
You are very stealthy in the water. (Stealth+)
You are amphibious.
You can wear up to eight rings at the same time.
You can use your tentacles to constrict eight enemies at once.
Your skin changes colour to match your surroundings (Stealth+).
Your rubbery body absorbs attacks. (AC +1, EV +1)


Message History

You feel a strong urge to attack something.
The leopard gecko hisses angrily.
The hobgoblin throws a stone.
The stone hits you.
* * * LOW HITPOINT WARNING * * *
You see here 5 stones.
The hobgoblin throws a stone.
The stone barely misses you.
You feel your anger nearly subside.
You are no longer berserk.
You are exhausted.
You feel yourself slow down.
You puncture Grinder! You grab Grinder.
Grinder is severely wounded.
You constrict Grinder.
The hobgoblin throws a stone.
The stone hits you but does no damage. Grinder gestures at you.
You resist with significant effort.
The hobgoblin throws a stone.
The stone hits you.
* * * LOW HITPOINT WARNING * * *
Grinder gestures at you. Pain shoots through your body!
You die...

#...###+#.# #....
#.........# #####
#.........###
#...........#
#....(......#
###......>..#
#.(..(..###
####....(..####
#..l....@5.......
.........#.......
..........#........
...g......#........
..........#........
..........#....)...
.........########
........#


You could see Grinder, a leopard gecko and a hobgoblin.

Vanquished Creatures
  Purgy (Sewer)
  3 gnolls (D:3)
  5 adders
  2 oozes
  3 worms
  A dart slug (D:3)
  5 leopard geckos
  3 orcs (D:3)
  A ball python (D:1)
  4 bats
  11 giant cockroaches
  3 goblins
  8 hobgoblins
  2 jackals (D:3)
  A quokka (D:3)
  2 frilled lizards
  11 kobolds
  4 rats
70 creatures vanquished.

Notes
Turn   | Place    | Note
-------+----------+-------------------------------------------
     0 | D:1      | IHuginn the Octopode Berserker began the quest for the Orb.
     0 | D:1      | Reached XP level 1. HP: 16/16 MP: 1/1
   137 | D:1      | Reached skill level 1 in Stealth
   137 | D:1      | Reached XP level 2. HP: 21/21 MP: 2/2
   594 | D:1      | Reached XP level 3. HP: 26/26 MP: 3/3
   618 | D:1      | Reached ** piety under Trog
  1435 | D:2      | Found a faded altar of an unknown god.
  1439 | D:2      | Reached XP level 4. HP: 28/31 MP: 4/4
  1833 | D:3      | Found a glowing drain.
  1881 | Sewer    | Entered a sewer
  1943 | Sewer    | Noticed Purgy
  1960 | Sewer    | Killed Purgy
  1961 | Sewer    | Reached skill level 1 in Short Blades
  1961 | Sewer    | Reached XP level 5. HP: 24/37 MP: 5/5
  2437 | D:3      | Reached XP level 6. HP: 27/43 MP: 6/6
  2836 | D:3      | Noticed Grinder
  2837 | D:3      | You fall into a shaft and drop 1 floor!
  2849 | D:3      | Paralysed by Grinder for 6 turns
  2861 | D:3      | Killed from afar by Grinder

Illustrated notes

Levels and vault maps discovered:
D:1:      co_arrival_random_square_maze, layout_basic
D:2:      layout_basic, chequers_ecumenical_altar_island
D:3:      layout_basic, gup_sewer_entry_pipe, uniq_grinder
D:4:      gammafunk_cloud_chamber, layout_rooms,
          minmay_temple_entry_sparse_star, serial_glass, glass_columns_c,
          glass_columns_b, supply_closet_lemuel, amcnicky_mini_pool_small

Skill      XL: |  1  2  3  4  5  6 |
---------------+-------------------+-----
Stealth        | 1 2 3 4 |  4.0
Fighting       | 4 |  4.2
Short Blades   | 1 |  1.7
Dodging        | 4 |  4.2
Axes           | |  3.6

Action                   |  1- 3 |  4- 6 || total
-------------------------+-------+-------++-------
Melee: Hand axe          |    49 |    35 ||    84
       Constrict         |    13 |    29 ||    42
       Tentacles         |     9 |    17 ||    26
       Short sword       |       |    61 ||    61
Invok: Berserk           |       |     2 ||     2
 Stab: Sleeping          |     8 |     9 ||    17
Armor: Skin              |     3 |    22 ||    25
Dodge: Dodged            |    21 |    71 ||    92
